 Dungeon Crawl Stone Soup version 0.22-a0-441-gcf5b0c6 (webtiles) character file.

566068 Kairos the Slayer (level 27, -6/243 (244) HPs)
             Began as a Formicid Fighter on May 29, 2018.
             Was the Champion of Okawaru.
             Mangled by an ettin
             ... wielding a +0 dire flail
              (24 damage)
             ... on level 4 of the Depths on May 31, 2018.
             The game lasted 03:37:13 (56284 turns).

Kairos the Slayer (Formicid Fighter)               Turns: 56284, Time: 03:37:13

HP:   -6/243 (244)  AC: 44    Str: 35    XL:     27
MP:   33/38         EV: 13    Int: 12    God:    Okawaru [******]
Gold: 3363          SH: 26    Dex: 10    Spells: 46/49 levels left

rFire    + + .     SeeInvis +   V - +9 lajatang (speed)
rCold    + . .     Gourm    .   O - +1 large shield {AC+3}
rNeg     + . .     Faith    +   c - +0 crystal plate armour of the Big Bang {rCorr Slay+5 SInv}
rPois    .         Spirit   .   (helmet unavailable)
rElec    .         Reflect  .   e - scarf {rC+ rF+}
rCorr    +         Harm     .   X - +2 pair of gloves {Str+3}
MR       +++..     Clarity  +   J - +2 pair of boots of the Assassin {Detection Stab+ Stlth++}
Stlth    +++.......             R - amulet of Adwot {Faith rF+ MR+ Int+2}
HPRegen  0.50/turn              j - +3 ring of slaying
MPRegen  0.26/turn              M - ring of positive energy

@: lethally poisoned (-6 -> -6), heroism, finesse, studying 2 skills
A: permanent stasis, dig shafts and tunnels, four strong arms, antennae 3, icy
blue scales 1, clarity
}: 3/15 runes: serpentine, barnacled, silver
a: Dig, Shaft Self, Heroism, Finesse, Renounce Religion


You were on level 4 of the Depths.
You worshipped Okawaru.
Okawaru was exalted by your worship.
You were not hungry.

You visited 9 branches of the dungeon, and saw 45 of its levels.
You also visited: Labyrinth, Trove and Bailey.

You collected 7315 gold pieces.
You spent 3952 gold pieces at shops.

Inventory:

Hand Weapons
 v - a +4 antimagic quarterstaff
 F - the +7 quarterstaff "Usuos" {pain, rElec rF- rC++ Str+2}
   (Okawaru gifted it to you on level 1 of the Vaults)

   In the hands of one skilled in necromantic magic, it inflicts extra damage on
   living creatures.
   It affects your strength (+2).
   It makes you vulnerable to fire.
   It greatly protects you from cold.
   It insulates you from electricity.
 I - a +9 dire flail of holy wrath
 P - the +8 arbalest of Ragnarok {venom, rElec Dex+4}
   (You took it off a yaktaur on level 5 of the Vaults)

   It poisons the ammo it fires.
   It affects your dexterity (+4).
   It insulates you from electricity.
 V - a +9 lajatang of speed (weapon)
Missiles
 A - 16 silver javelins (quivered)
 Y - 572 bolts
Armour
 c - the +0 crystal plate armour of the Big Bang (worn) {rCorr Slay+5 SInv}
   (Okawaru gifted it to you on level 6 of the Lair of Beasts)

   It affects your accuracy and damage with ranged weapons and melee attacks
   (+5).
   It lets you see invisible.
   It protects you from acid and corrosion.
 e - a scarf of resistance (worn)
 J - the +2 pair of boots of the Assassin (worn) {Detection Stab+ Stlth++}
   (You acquired it on level 6 of the Dungeon)

   It makes you much more stealthy.
 L - a scarf of repulsion
 O - a +1 large shield of protection (worn)
 X - a +2 pair of gloves of strength (worn)
Jewellery
 j - a +3 ring of slaying (left hand)
 q - an uncursed amulet of regeneration
 u - an uncursed ring of protection from cold
 x - an uncursed ring of poison resistance
 B - an uncursed ring of protection from magic
 M - a ring of positive energy (right hand)
 R - the amulet of Adwot (around neck) {Faith rF+ MR+ Int+2}
   (You took it off a deep elf death mage on level 3 of the Elven Halls)

   [amulet of faith]

   It allows you to gain divine favour quickly.
   It affects your intelligence (+2).
   It protects you from fire.
   It affects your resistance to hostile enchantments.
 S - an uncursed ring of flight
 U - a +4 ring of protection
Wands
 a - a wand of clouds (4)
 C - a wand of scattershot (5)
 Z - a wand of digging (54)
Scrolls
 b - 6 scrolls of magic mapping
 g - 37 scrolls of remove curse
 h - 2 scrolls of holy word
 i - 7 scrolls of fog
 l - 13 scrolls of identify
 o - 8 scrolls of immolation
 y - 2 scrolls of summoning
 z - 3 scrolls of fear
 D - 3 scrolls of brand weapon
 N - a scroll of silence
 W - 9 scrolls of enchant armour
Potions
 d - 6 potions of might
 k - 3 potions of magic
 m - 3 potions of ambrosia
 n - 6 potions of invisibility
 p - 3 potions of curing
 r - 7 potions of agility
 s - 3 potions of mutation
 t - 17 potions of brilliance
 w - 9 potions of lignification
 E - 7 potions of flight
 G - a potion of resistance
 H - 2 potions of cancellation
 T - 15 potions of heal wounds
Books
 K - a manual of Necromancy
 Q - a manual of Polearms
Comestibles
 f - 67 rations


   Skills:
 + Level 25.9(27) Fighting
   Level 5.3(10.4) Axes
 + Level 1.7(15.1) Maces & Flails
 - Level 14.0(19.1) Staves
 + Level 0.7(5.7) Crossbows
 + Level 1.6(6.6) Throwing
 * Level 21.4(26.4) Armour
 - Level 6.6(11.6) Dodging
 * Level 17.8(22.8) Stealth
 - Level 15.0(20.0) Shields
 + Level 0.9(5.9) Unarmed Combat
 * Level 11.5 Spellcasting
 - Level 8.3 Charms
 * Level 12.1 Necromancy
 * Level 16.2 Invocations
 + Level 2.7 Evocations


You had 46 spell levels left.
You knew the following spells:

 Your Spells              Type           Power        Failure   Level  Hunger
a - Regeneration          Chrm/Necr      ####......   1%          3    #......

Your spell library contained the following spells:

 Spells                   Type           Power        Failure   Level  Hunger
 Cause Fear               Hex            #.........   99%         4    ###....
 Magic Dart               Conj           #...         41%         1    None
 Apportation              Tloc           #.....       41%         1    None
 Conjure Flame            Conj/Fire      #.......     80%         3    #......
 Bolt of Fire             Conj/Fire      #.........   100%        6    ######.
 Bolt of Cold             Conj/Ice       #.........   100%        6    ######.
 Bolt of Magma            Conj/Fire/Erth #.........   100%        5    #####..
 Slow                     Hex            #.......     56%         2    None
 Confuse                  Hex            #.......     80%         3    #......
 Throw Frost              Conj/Ice       #.....       56%         2    None
 Mephitic Cloud           Conj/Pois/Air  #.......     80%         3    #......
 Ring of Flames           Chrm/Fire      ###.......   100%        7    #######
 Summon Small Mammal      Summ           #...         41%         1    None
 Bolt of Draining         Conj/Necr      ###.......   71%         5    #####..
 Blink                    Tloc           N/A          56%         2    None
 Animate Dead             Necr           N/A          3%          4    ###....
 Animate Skeleton         Necr           N/A          1%          1    None
 Freeze                   Ice            #...         41%         1    None
 Sticky Flame             Conj/Fire      #.......     99%         4    ###....
 Summon Ice Beast         Ice/Summ       #.......     99%         4    ###....
 Ozocubu's Armour         Chrm/Ice       ###.....     24%         3    #......
 Call Imp                 Summ           #.......     56%         2    None
 Dispel Undead            Necr           #####...     9%          5    #####..
 Sting                    Conj/Pois      #...         41%         1    None
 Sublimation of Blood     Necr           #####.....   1%          2    None
 Tukima's Dance           Hex            #.......     80%         3    #......
 Corpse Rot               Necr           N/A          1%          2    None
 Iron Shot                Conj/Erth      #.........   100%        6    ######.
 Recall                   Summ/Tloc      N/A          80%         3    #......
 Agony                    Necr           #####...     9%          5    #####..
 Spider Form              Tmut/Pois      #.........   80%         3    #......
 Blade Hands              Tmut           #.........   100%        5    #####..
 Statue Form              Tmut/Erth      #........    100%        6    ######.
 Dragon Form              Tmut           #.........   100%        7    #######
 Death Channel            Necr           #####.....   43%         6    ######.
 Deflect Missiles         Chrm/Air       ###.......   100%        6    ######.
 Throw Icicle             Conj/Ice       #.......     99%         4    ###....
 Shadow Creatures         Summ           N/A          100%        6    ######.
 Confusing Touch          Hex            #.....       41%         1    None
 Ignite Poison            Fire/Tmut/Pois #.......     80%         3    #......
 Call Canine Familiar     Summ           #.......     80%         3    #......
 Ensorcelled Hibernation  Hex/Ice        #.....       56%         2    None
 Metabolic Englaciation   Hex/Ice        #.........   100%        5    #####..
 Silence                  Hex/Air        #.........   100%        5    #####..
 Shatter                  Erth           #.........   100%        9    #######
 Corona                   Hex            #......      41%         1    None
 Alistair's Intoxication  Tmut/Pois      #.......     100%        5    #####..
 Sandblast                Erth           #.....       41%         1    None
 Simulacrum               Ice/Necr       ###.......   99%         6    ######.
 Conjure Ball Lightning   Conj/Air       #.........   100%        6    ######.
 Excruciating Wounds      Chrm/Necr      ####......   19%         5    #####..
 Portal Projectile        Hex/Tloc       #.....       80%         3    #......
 Petrify                  Tmut/Erth      #.......     99%         4    ###....
 Orb of Destruction       Conj           #.........   100%        7    #######
 Tornado                  Air            #.........   100%        9    #######
 Leda's Liquefaction      Hex/Erth       #.........   99%         4    ###....
 Darkness                 Hex            #.........   100%        6    ######.
 Inner Flame              Hex/Fire       #.......     80%         3    #......
 Iskenderun's Battlesphe  Conj/Chrm      ###.....     92%         5    #####..
 Fulminant Prism          Conj/Hex       #.........   99%         4    ###....
 Dazzling Spray           Conj/Hex       #.....       80%         3    #......
 Summon Lightning Spire   Summ/Air       #.......     99%         4    ###....
 Summon Guardian Golem    Hex/Summ       #.......     80%         3    #......
 Spellforged Servitor     Conj/Summ      #.........   100%        7    #######
 Hydra Form               Tmut           #.........   100%        6    ######.
 Irradiate                Conj/Tmut      #.........   100%        5    #####..
 Gell's Gravitas          Tloc           #.........   80%         3    #......
 Yara's Violent Unravell  Hex/Tmut       #.........   100%        5    #####..
 Borgnjor's Vile Clutch   Necr/Erth      ###.......   71%         5    #####..


Dungeon Overview and Level Annotations

Branches:
Dungeon (15/15)            Temple (1/1) D:6            Lair (6/6) D:9
 Shoals (4/4) Lair:4        Snake (4/4) Lair:4        Slime (0/5) Lair:5
    Orc (2/2) D:9             Elf (3/3) Orc:2        Vaults (5/5) D:14
  Crypt (0/3) Vaults:2     Depths (5/5) D:15
    Zot: Depths:5

Altars:
Ashenzari
Cheibriados
Dithmenos
Elyvilon
Fedhas
Gozag
Hepliaklqana
Kikubaaqudgha
Makhleb
Nemelex Xobeh
Okawaru
Qazlal
Ru
Sif Muna
Trog
Uskayaw
Vehumet
Wu Jian
Xom
Yredelemnul
Zin
The Shining One
Beogh
Jiyva

Shops:
D:6 *   Orc:1 %   Orc:2 ([*=   Elf:1 !   Snake:1 *   Snake:3 [   Vaults:1 (
Vaults:2 :   Vaults:3 %%:   Depths:1 [?}(

Portals:
Hell: Depths:1 Depths:2 Depths:3 Depths:4
Abyss: Depths:4
Pandemonium: Depths:3
Ziggurat: Depths:3


Innate Abilities, Weirdness & Mutations

You cannot be hasted, slowed, berserked, paralysed or teleported.
You can dig through walls and to a lower floor.
Your four strong arms can wield two-handed weapons with a shield.
You have a pair of large antennae on your head. (SInv)
You are partially covered in icy blue scales. (AC +2)
You possess an exceptional clarity of mind.


Message History

You climb upwards.
The battlesphere dissipates.
You feel sick.
There is a stone staircase leading down here.
Press: ? - help, v - describe, . - travel
Here: an ettin, wielding two dire flails The floor.
You can now deal lightning-fast blows.
You block the spriggan berserker's attack.
You block the ettin's attack. x2
The ice dragon bites you but does no damage.
The ice dragon claws you but does no damage.
The ice dragon misses you. The ettin hits you with a dire flail!!
* * * LOW HITPOINT WARNING * * *
The ettin hits you but does no damage.
The spriggan berserker barely misses you.
As you read the scroll of fear, it crumbles to dust.
You assume a fearsome visage.
The ettin looks frightened!
The spriggan berserker easily resists.
The ice dragon looks frightened!
The ettin resists with some effort.
You feel sick. You block the ettin's attack.
The ettin hits you with a dire flail!!
You die...

#####'###(.#.#.#..#.#####.......)
#.# #.........#.##..'.......)
#.###..#[#.#..#.##.##........
#...#..(......#.##.##........
#.#.#.....[...#.##.##........
#.#.#.........#.##.##........
#.#.#...<....D#.##.##........
#...'.......C.#.##.##....###(
###.#......C@.#.##.##....#...
#.#.......i.'....##....#.##
#.#.........#.....#......#.
#.#.........#####.#....#.#.
#####.#.........# #.#....#...
##..##...+#####'## #.####.#.#.
##.........## ##.######.####...#.
#...≈≈≈≈≈...###...)..........#.#.
...≈≈###≈≈...##..######.###..#...


You could see an ice dragon (fleeing), 2 ettins and a spriggan berserker
(berserk).

Vanquished Creatures
  Mara (Snake:4)
  2 ancient liches (Vaults:5)
  2 juggernauts
  Sojobo (Depths:3)
  Frederick (Depths:3)
  Margery (Depths:1)
  Vashnia (Snake:3)
  Boris (Depths:4)
  A golden dragon (Vaults:4)
  2 caustic shrikes (Depths:4)
  The ghost of Totori the Warrior, an adept MiWr of Ru (Elf:3)
  Nikola (Vaults:1)
  A Tzitzimitl (Depths:2)
  Jorgrun (Elf:3)
  6 tentacled monstrosities
  Rupert (Lair:6)
  A lich (Depths:5)
  2 titans
  A quicksilver dragon (Vaults:5)
  Asterion (Elf:1)
  2 deep elf blademasters (Elf:3)
  2 deep elf master archers (Elf:3)
  3 sphinxes
  Frances (Snake:1)
  An ancient champion (Vaults:2)
  4 storm dragons
  Kirke (Shoals:3)
  7 shadow dragons
  6 tengu reavers
  Roxanne (Snake:4)
  14 frost giants
  Donald (Elf:2)
  A revenant (Vaults:2)
  7 deep elf sorcerers
  Ilsuiw (Shoals:4)
  7 nagarajas
  11 fire giants
  An orc warlord (Orc:2)
  Louise (Snake:3)
  19 vault wardens
  A caustic shrike zombie (D:15)
  4 deep elf elementalists (Elf:3)
  A ghoul (Vaults:2)
  15 ironheart preservers
  11 very ugly things
  4 war gargoyles
  3 spriggan defenders
  17 stone giants
  4 entropy weavers
  47 slime creatures
  Nessos (Orc:2)
  Azrael (Snake:3)
  6 deep elf annihilators
  A minotaur (Lab)
  A spark wasp (shapeshifter) (Vaults:5)
  2 vampire knights
  6 deep elf demonologists
  5 spark wasps (Depths:3)
  An eidolon (Depths:2)
  11 merfolk impalers
  4 merfolk javelineers (Shoals:4)
  12 deep elf death magi
  8 ettins
  Josephine (Snake:1)
  11 ogre magi
  4 deep elf high priests
  21 yaktaur captains
  7 fire dragons
  15 naga warriors
  5 rakshasas
  A great orb of eyes (Depths:2)
  3 hydras
  A hell beast (Depths:3)
  40 vault guards
  6 merfolk avatars
  8 ice dragons
  41 two-headed ogres
  3 alligator snapping turtles
  2 death knights (Vaults:3)
  7 anacondas
  A catoblepas (Lair:3)
  3 satyrs
  10 centaur warriors
  A queen ant (Lair:5)
  3 tengu warriors
  5 merfolk aquamancers
  A deep troll shaman (Depths:1)
  9 death yaks
  2 deep troll earth magi (Depths:1)
  37 dancing weapons
  5 shock serpents
  16 naga sharpshooters
  A vampire mage (Depths:2)
  A shock serpent (shapeshifter) (Vaults:5)
  4 spriggan berserkers
  An orc high priest (Orc:2)
  Nergalle (Orc:2)
  A fire crab (Shoals:3)
  3 shadow wraiths
  A fire crab (shapeshifter) (Vaults:5)
  22 deep elf knights
  8 hell knights
  4 skeletal warriors
  8 unseen horrors
  6 salamander mystics
  15 sea snakes
  2 wizards (Vaults:3)
  A death drake (shapeshifter) (Depths:4)
  6 deep trolls
  2 spectral anacondas (Depths:2)
  11 flayed ghosts
  15 deep elf archers
  9 naga ritualists
  A gelid demonspawn (Depths:3)
  8 glowing orange brains
  19 ironbrand convokers
  A tengu zombie (Vaults:2)
  4 phantasmal warriors
  70 deep elf magi
  7 necromancers
  18 orc knights
  2 fire giant zombies
  2 orange crystal statues (Depths:2)
  10 fauns
  19 salamanders
  19 harpies
  2 mana vipers (shapeshifter)
  14 mana vipers
  A wolf spider zombie (D:14)
  21 ugly things
  4 wolf spiders
  2 orc sorcerers (Orc:2)
  4 oklob plants (Lair:3)
  A salamander (shapeshifter) (Depths:3)
  3 guardian serpents (shapeshifter)
  11 manticores
  A stone giant skeleton (D:15)
  12 cyclopes
  A water nymph (shapeshifter) (Depths:4)
  8 merfolk sirens
  10 elephants
  17 naga magi
  A rust devil (Depths:3)
  2 eyes of devastation (Vaults:1)
  4 water nymphs
  Maurice (D:13)
  8 vault sentinels
  A moth of wrath (shapeshifter) (Depths:3)
  6 guardian serpents (Snake:4)
  An eye of devastation (shapeshifter) (Depths:5)
  38 black mambas
  8 spiny frogs
  7 gargoyles
  A storm dragon simulacrum (Vaults:2)
  2 human zombies
  5 spectral swamp worms (Depths:3)
  5 freezing wraiths
  3 kobold demonologists (D:15)
  A yaktaur (shapeshifter) (Vaults:4)
  68 yaktaurs
  3 rime drakes
  5 komodo dragons
  2 efreet
  A minotaur skeleton (Lab)
  5 ice devils
  An elf skeleton (Vaults:5)
  A guardian mummy (D:15)
  2 small abominations (Elf:3)
  A tengu conjurer (Shoals:1)
  7 trolls
  A tengu simulacrum (Vaults:3)
  9 wind drakes
  39 merfolk
  A tyrant leech (shapeshifter) (Vaults:5)
  4 polar bears
  6 hornets
  7 hippogriffs
  18 blink frogs
  A spriggan zombie (D:15)
  20 dream sheep
  A human simulacrum (Vaults:2)
  A hippogriff (shapeshifter) (D:14)
  An ettin zombie (Vaults:2)
  7 snapping turtles
  A raiju (Depths:2)
  16 spriggans
  A tarantella (Vaults:2)
  4 air elementals
  6 shadows
  3 vampires (Depths:2)
  8 redbacks
  20 wraiths
  3 ynoxinuls (D:14)
  2 spriggans (shapeshifter)
  A tarantella (shapeshifter) (Elf:3)
  2 hogs (Shoals:3)
  57 yaks
  5 basilisks
  2 fire bats (Shoals:3)
  4 fire elementals (Snake:3)
  A human (shapeshifter) (Vaults:1)
  A neqoxec (Depths:3)
  21 water elementals
  A yak (shapeshifter) (Depths:1)
  7 wyverns
  16 humans (D:14)
  A yaktaur simulacrum (Vaults:5)
  8 hungry ghosts
  A basilisk (shapeshifter) (Elf:1)
  Edmund (D:5)
  47 nagas
  14 wargs
  An acid dragon (Vaults:2)
  24 soldier ants
  14 water moccasins
  2 soldier ants (shapeshifter) (Vaults:2)
  15 hell hounds
  3 hydra simulacra (Depths:2)
  2 floating eyes
  10 porcupines
  A floating eye (shapeshifter) (Vaults:5)
  3 spectral spriggans
  3 ice beasts
  50 orc warriors
  3 sky beasts
  A black bear (shapeshifter) (Depths:3)
  2 eyes of draining (D:12)
  5 black bears (Lair:6)
  29 ogres
  A necrophage (D:3)
  23 wolves
  29 centaurs
  4 phantoms
  15 boggarts
  11 crocodiles
  18 bullfrogs
  Blork the orc (Orc:2)
  A wyvern zombie (D:10)
  A glowing shapeshifter simulacrum (Vaults:5)
  2 merfolk simulacra (Depths:2)
  A water moccasin zombie (D:10)
  4 scorpions
  An elf simulacrum (Vaults:2)
  4 killer bees (D:9)
  3 spectral nagas (Depths:2)
  A troll skeleton (Lab)
  A spriggan skeleton (Lab)
  5 wights
  5 howler monkeys
  2 spectral ogres (Depths:2)
  8 electric eels
  A spectral centaur (Depths:2)
  2 bullfrog zombies (D:12)
  3 crimson imps
  A quasit (D:8)
  3 hounds
  8 jellies
  6 centaur skeletons
  21 orc priests
  39 orc wizards
  A bullfrog skeleton (D:12)
  2 iguanas
  Natasha (thrice) (D:4)
  28 worker ants
  A troll simulacrum (Depths:2)
  A hound zombie (D:11)
  3 hound skeletons
  3 worker ant zombies
  5 gnolls
  14 adders
  3 shadow imps
  5 oozes (D:8)
  2 adder skeletons (D:5)
  6 worms
  7 dart slugs
  5 leopard geckos
  87 orcs
  5 giant cockroaches
  10 goblins
  14 hobgoblins
  12 jackals
  18 kobolds
  10 quokkas
  A ball python (D:2)
  8 bats
  9 frilled lizards
  A jackal skeleton (D:7)
  10 rats
  2 butterflies (Lair:3)
  A fungus (Lair:2)
  3 plants
2202 creatures vanquished.

Vanquished Creatures (others)
  A dancing weapon (Elf:3)
  A deep elf knight (Elf:3)
  A deep elf mage (Elf:3)
  An air elemental (Elf:3)
  A wyvern (D:12)
  A centaur (Depths:2)
  An ogre (Vaults:4)
  3 orc wizards
  A rat (D:2)
  2 fungi
  8 plants
21 creatures vanquished.

Grand Total: 2223 creatures vanquished

Notes
Turn   | Place    | Note
-------+----------+-------------------------------------------
     0 | D:1      | Kairos the Formicid Fighter began the quest for the Orb.
     0 | D:1      | Reached XP level 1. HP: 18/18 MP: 1/1
    40 | D:1      | Reached XP level 2. HP: 10/24 MP: 2/2
   365 | D:1      | Reached XP level 3. HP: 19/29 MP: 3/3
  1102 | D:2      | Reached XP level 4. HP: 30/35 MP: 4/4
  1151 | D:2      | Found a white marble altar of Elyvilon.
  1519 | D:2      | Reached XP level 5. HP: 41/41 MP: 5/5
  2518 | D:3      | Found a hide-covered altar of Uskayaw.
  2519 | D:3      | Found a transporter.
  2519 | D:3      | Found a sparkling altar of Nemelex Xobeh.
  2520 | D:3      | Found a blossoming altar of Fedhas.
  2521 | D:3      | Noticed a necrophage
  2530 | D:3      | Found a transporter.
  2938 | D:3      | Killed a necrophage
  2938 | D:3      | Reached skill level 1 in Dodging
  2938 | D:3      | Reached XP level 6. HP: 42/48 MP: 6/6
  3276 | D:4      | Reached skill level 4 in Fighting
  3318 | D:4      | Noticed Natasha
  3322 | D:4      | Killed Natasha
  3322 | D:4      | Reached skill level 5 in Shields
  3322 | D:4      | Reached XP level 7. HP: 54/54 MP: 7/7
  3474 | D:4      | Noticed Natasha
  3479 | D:4      | Killed Natasha
  3479 | D:4      | Reached skill level 5 in Staves
  3800 | D:4      | Noticed Natasha
  3805 | D:4      | Killed Natasha
  3953 | D:5      | Entered Level 5 of the Dungeon
  3990 | D:5      | Found a transporter.
  4082 | D:5      | Found a transporter.
  4102 | D:5      | Noticed Edmund
  4135 | D:5      | Killed Edmund
  4135 | D:5      | Reached XP level 8. HP: 57/61 MP: 8/8
  4343 | D:5      | Found a basalt altar of Yredelemnul.
  4373 | D:5      | Reached skill level 1 in Stealth
  4700 | D:6      | Found Sajacoth's Assorted Antiques.
  4840 | D:6      | Reached skill level 5 in Fighting
  4875 | D:6      | Reached skill level 1 in Evocations
  4895 | D:6      | Reached skill level 5 in Armour
  4929 | D:6      | Found a staircase to the Ecumenical Temple.
  5014 | Temple   | Entered the Ecumenical Temple
  5084 | Temple   | Became a worshipper of Warmaster Okawaru
  5357 | D:7      | Found a stormy altar of Qazlal.
  5391 | D:7      | Reached XP level 9. HP: 59/68 MP: 10/10
  5687 | D:7      | Reached * piety under Okawaru
  6090 | D:7      | Reached skill level 6 in Fighting
  6888 | D:8      | Reached ** piety under Okawaru
  6907 | D:8      | Reached XP level 10. HP: 75/76 MP: 11/11
  7025 | D:8      | Found a basalt altar of Yredelemnul.
  7171 | D:8      | Found a flagged portal.
  7186 | Bailey   | Entered a bailey
  7262 | Bailey   | Noticed an orc knight
  7289 | Bailey   | Killed an orc knight
  7520 | Bailey   | Found a burning altar of Makhleb.
  7749 | D:8      | Noticed a two-headed ogre
  7760 | D:8      | Killed a two-headed ogre
  7760 | D:8      | Reached *** piety under Okawaru
  7761 | D:8      | Noticed a two-headed ogre
  7766 | D:8      | Killed a two-headed ogre
  7766 | D:8      | Reached **** piety under Okawaru
  7766 | D:8      | Reached skill level 7 in Fighting
  7766 | D:8      | Reached skill level 1 in Invocations
  7770 | D:8      | Reached skill level 10 in Staves
  8137 | D:8      | Found an ancient bone altar of Kikubaaqudgha.
  8139 | D:8      | Found a glowing golden altar of the Shining One.
  8144 | D:8      | Found a sacrificial altar of Ru.
  8234 | D:8      | Reached XP level 11. HP: 54/84 MP: 12/12
  8456 | D:9      | Found a staircase to the Lair.
  8769 | D:9      | Received a gift from Okawaru
  8887 | D:9      | Reached skill level 10 in Shields
  8923 | D:9      | Noticed a two-headed ogre
  8938 | D:9      | Killed a two-headed ogre
  9196 | D:9      | Found a staircase to the Orcish Mines.
  9274 | D:9      | Noticed a two-headed ogre
  9282 | D:9      | Killed a two-headed ogre
  9441 | D:10     | Entered Level 10 of the Dungeon
  9476 | Lair:1   | Entered Level 1 of the Lair of Beasts
  9489 | Lair:1   | Reached skill level 8 in Fighting
  9566 | Lair:1   | Reached ***** piety under Okawaru
  9978 | Lair:1   | Reached XP level 12. HP: 77/93 MP: 13/13
 10361 | Lair:2   | Received a gift from Okawaru
 11016 | Lair:3   | Noticed a catoblepas
 11045 | Lair:3   | Killed a catoblepas
 11201 | Lair:3   | Received a gift from Okawaru
 11213 | Lair:3   | Got a faintly humming large shield {god gift}
 11227 | Lair:3   | Identified the +0 large shield of the Eight Boll Weevils {*Corrode rC+ Int+4} (Okawaru gifted it to you on level 3 of the Lair of Beasts)
 11368 | Lair:3   | Reached skill level 9 in Fighting
 11844 | Lair:4   | Reached XP level 13. HP: 73/101 MP: 14/14
 11865 | Lair:4   | Found a staircase to the Shoals.
 11890 | Lair:4   | Found a labyrinth entrance.
 11901 | Lab      | Entered a labyrinth
 12074 | Lab      | Reached skill level 1 in Throwing
 12506 | Lab      | Reached skill level 10 in Fighting
 12746 | Lab      | Noticed a minotaur
 12754 | Lab      | Killed a minotaur
 13191 | Lair:4   | Received a gift from Okawaru
 13219 | Lair:4   | Reached skill level 11 in Fighting
 13265 | Lair:4   | Reached skill level 10 in Armour
 13420 | Lair:4   | Found a staircase to the Snake Pit.
 13900 | Lair:5   | Noticed an eight-headed hydra
 13909 | Lair:5   | Killed a ten-headed hydra
 13909 | Lair:5   | Reached ****** piety under Okawaru
 13953 | Lair:5   | Reached XP level 14. HP: 99/113 MP: 15/15
 14089 | Lair:5   | Reached skill level 1 in Maces & Flails
 14096 | Lair:5   | Noticed an entropy weaver
 14110 | Lair:5   | Noticed an entropy weaver
 14150 | Lair:5   | Killed an entropy weaver
 14201 | Lair:5   | Received a gift from Okawaru
 14217 | Lair:5   | Got a faintly humming large shield {god gift}
 14228 | Lair:5   | Identified the +0 large shield of Knowledge {Dex+2 Stlth+} (Okawaru gifted it to you on level 5 of the Lair of Beasts)
 14331 | Lair:5   | Killed an entropy weaver
 14477 | Lair:5   | Found a viscous altar of Jiyva.
 14478 | Lair:5   | Found a staircase to the Slime Pits.
 14883 | Lair:6   | Entered Level 6 of the Lair of Beasts
 14899 | Lair:6   | Reached skill level 12 in Fighting
 15097 | Lair:6   | Noticed Rupert
 15116 | Lair:6   | Killed Rupert
 15597 | Lair:6   | Received a gift from Okawaru
 15609 | Lair:6   | Got a crude crystal plate armour {god gift}
 15620 | Lair:6   | Identified the +0 crystal plate armour of the Big Bang {rCorr Slay+5 SInv} (Okawaru gifted it to you on level 6 of the Lair of Beasts)
 15758 | Lair:6   | Reached skill level 13 in Fighting
 15815 | Lair:6   | Reached XP level 15. HP: 122/123 MP: 17/17
 16645 | Snake:1  | Entered Level 1 of the Snake Pit
 16681 | Snake:1  | Noticed Josephine
 16691 | Snake:1  | Killed Josephine
 16691 | Snake:1  | Reached skill level 15 in Shields
 16760 | Snake:1  | Reached skill level 14 in Fighting
 16780 | Snake:1  | Received a gift from Okawaru
 16788 | Snake:1  | Got a polished double sword {god gift}
 16789 | Snake:1  | Identified the +5 double sword "Jellyslayer" {slice, rN+++ MR+ Str-5} (Okawaru gifted it to you on level 1 of the Snake Pit)
 16899 | Snake:1  | Noticed Frances
 16910 | Snake:1  | Killed Frances
 17051 | Snake:1  | Found a sparkling altar of Nemelex Xobeh.
 17054 | Snake:1  | Found Zeysm's General Store.
 17061 | Snake:1  | Bought a potion of might for 68 gold pieces
 17061 | Snake:1  | Bought a scroll of magic mapping for 59 gold pieces
 17061 | Snake:1  | Bought a potion of mutation for 136 gold pieces
 17061 | Snake:1  | Bought a scroll of identify for 34 gold pieces
 17061 | Snake:1  | Identified a scroll of acquirement
 17155 | Snake:1  | Reached skill level 15 in Fighting
 17159 | Snake:1  | Received a gift from Okawaru
 17182 | Snake:1  | Got a translucent longbow {god gift}
 17183 | Snake:1  | Identified the +5 longbow of the Two Names {flame, +Fly Str+4 Stlth-} (Okawaru gifted it to you on level 1 of the Snake Pit)
 17699 | Snake:2  | Reached skill level 1 in Axes
 17981 | Snake:2  | Received a gift from Okawaru
 17981 | Snake:2  | Reached XP level 16. HP: 136/136 MP: 18/18
 18340 | Snake:2  | Received a gift from Okawaru
 18627 | Snake:2  | HP: 5/138 [sea snake (2)]
 18630 | Snake:2  | Received a gift from Okawaru
 18881 | Snake:3  | Reached skill level 5 in Stealth
 19068 | Snake:3  | Reached skill level 16 in Fighting
 19068 | Snake:3  | Reached skill level 5 in Invocations
 19141 | Snake:3  | Noticed Azrael
 19168 | Snake:3  | Killed Azrael
 19206 | Snake:3  | Received a gift from Okawaru
 19249 | Snake:3  | Noticed Vashnia
 19297 | Snake:3  | Killed Vashnia
 19450 | Snake:3  | Found Luxi's Armour Shop.
 19453 | Snake:3  | Bought a +0 pair of gloves of dexterity for 195 gold pieces
 19465 | Snake:3  | Noticed Louise
 19496 | Snake:3  | Killed Louise
 19664 | Snake:4  | Entered Level 4 of the Snake Pit
 19838 | Snake:4  | Reached XP level 17. HP: 130/146 MP: 21/21
 19907 | Snake:4  | Noticed Roxanne
 19931 | Snake:4  | Killed Roxanne
 19932 | Snake:4  | Identified Roxanne's Disquisition on Changing (You took it off Roxanne on level 4 of the Snake Pit)
 20194 | Snake:4  | Noticed Mara
 20215 | Snake:4  | Killed Mara
 20215 | Snake:4  | Reached skill level 17 in Fighting
 20264 | Snake:4  | Received a gift from Okawaru
 20379 | Snake:4  | HP: 1/148 [naga/battleaxe of electrocution (20)]
 20818 | Snake:4  | Received a gift from Okawaru
 20821 | Snake:4  | Reached skill level 18 in Fighting
 20932 | Snake:4  | Reached XP level 18. HP: 111/157 MP: 23/23
 21156 | Snake:4  | Got a serpentine rune of Zot
 21852 | Shoals:1 | Entered Level 1 of the Shoals
 22327 | Shoals:1 | Reached skill level 15 in Armour
 23040 | Shoals:2 | Got a bloodstained quarterstaff
 23060 | Shoals:2 | Identified the +11 quarterstaff of the Unstoppable Mice {protect, +Rage} (You found it on level 2 of the Shoals)
 23247 | Shoals:2 | Received a gift from Okawaru
 23729 | Shoals:3 | Noticed Kirke
 23812 | Shoals:3 | Killed Kirke
 23812 | Shoals:3 | Reached skill level 10 in Stealth
 24731 | Shoals:3 | Reached skill level 19 in Fighting
 24896 | Shoals:3 | Reached XP level 19. HP: 166/166 MP: 26/26
 25054 | Shoals:4 | Entered Level 4 of the Shoals
 25102 | Shoals:4 | Noticed Ilsuiw
 25109 | Shoals:4 | Received a gift from Okawaru
 25190 | Shoals:4 | Killed Ilsuiw
 25551 | Shoals:4 | Reached skill level 10 in Invocations
 25558 | Shoals:4 | Received a gift from Okawaru
 26006 | Shoals:4 | Got a barnacled rune of Zot
 26317 | Shoals:4 | Identified the Reference Book on Ashen Darkness
 26348 | Shoals:4 | Learned a level 3 spell: Regeneration
 26810 | Orc:1    | Entered Level 1 of the Orcish Mines
 26959 | Orc:2    | Entered Level 2 of the Orcish Mines
 26959 | Orc:2    | Found a bloodstained altar of Trog.
 27122 | Orc:2    | Noticed Nergalle
 27131 | Orc:2    | Killed Nergalle
 27131 | Orc:2    | Received a gift from Okawaru
 27139 | Orc:2    | Found a roughly hewn altar of Beogh.
 27175 | Orc:2    | Noticed Nessos
 27185 | Orc:2    | Noticed Blork the orc
 27202 | Orc:2    | Killed Nessos
 27207 | Orc:2    | Killed Blork the orc
 27264 | Orc:2    | Found a roughly hewn altar of Beogh.
 27300 | Orc:2    | Found a staircase to the Elven Halls.
 27392 | Orc:2    | Found Tavievit's Antique Weapon Shop.
 27461 | Orc:2    | Found Ykanu's Antique Armour Shop.
 27477 | Orc:2    | Found Koobriex's Jewellery Shop.
 27587 | Orc:2    | Found Plog's General Store.
 27933 | Orc:1    | Found Ugeinteh's Food Shop.
 28133 | Orc:2    | Bought an ancient plate armour for 700 gold pieces
 28143 | Orc:2    | Identified the cursed +0 plate armour of Submission {Dex+9} (You bought it in a shop on level 2 of the Orcish Mines)
 28176 | Elf:1    | Entered Level 1 of the Elven Halls
 28237 | Elf:1    | Reached XP level 20. HP: 176/176 MP: 27/27
 28291 | Elf:1    | Reached skill level 20 in Fighting
 28294 | Elf:1    | Reached skill level 1 in Spellcasting
 28294 | Elf:1    | Reached skill level 1 in Charms
 28314 | Elf:1    | Reached skill level 1 in Necromancy
 28424 | Elf:1    | Noticed Asterion
 28437 | Elf:1    | Killed Asterion
 28439 | Elf:1    | Got a distressingly furry shield
 28450 | Elf:1    | Identified the +3 shield of Miracles {rElec Dex+5} (You took it off Asterion on level 1 of the Elven Halls)
 28652 | Elf:1    | Found Meinimnaz's Distillery.
 28660 | Elf:1    | Bought a potion of heal wounds for 65 gold pieces
 28660 | Elf:1    | Bought 2 potions of invisibility for 208 gold pieces
 28660 | Elf:1    | Bought a potion of agility for 52 gold pieces
 28660 | Elf:1    | Bought a potion of invisibility for 104 gold pieces
 28660 | Elf:1    | Bought 2 potions of flight for 78 gold pieces
 28660 | Elf:1    | Bought a potion of might for 52 gold pieces
 28660 | Elf:1    | Bought 2 potions of curing for 78 gold pieces
 29054 | Elf:2    | Found a portal to a secret trove of treasure.
 29138 | Elf:2    | Received a gift from Okawaru
 29334 | Elf:2    | Found a runed gate.
 29334 | Elf:2    | Found a runed gate.
 29337 | Elf:2    | Found a runed gate.
 30133 | Elf:3    | Entered Level 3 of the Elven Halls
 30228 | Elf:3    | Received a gift from Okawaru
 30381 | Elf:3    | Noticed Jorgrun
 30403 | Elf:3    | HP: 4/178 [Jorgrun/staff of earth (7)]
 30417 | Elf:3    | Killed Jorgrun
 31093 | Elf:3    | Noticed Totori's ghost (adept MiWr)
 31123 | Elf:3    | Killed Totori's ghost
 31123 | Elf:3    | Reached XP level 21. HP: 100/184 MP: 29/29
 31324 | Elf:3    | Got a brightly glowing amethyst amulet
 31339 | Elf:3    | Identified the amulet of Adwot {Faith rF+ MR+ Int+2} (You took it off a deep elf death mage on level 3 of the Elven Halls)
 31360 | Elf:3    | Noticed Donald
 31380 | Elf:2    | Killed Donald
 31780 | Elf:3    | Received a gift from Okawaru
 32075 | Elf:3    | Identified the Catalogue of Protection and Confrontation
 32158 | Elf:3    | Got an ancient crystal plate armour {god gift}
 32169 | Elf:3    | Identified the +0 crystal plate armour "Vareisel" {Str+4} (Okawaru gifted it to you on level 3 of the Elven Halls)
 32344 | Elf:3    | Identified the Disquisition on Conjuration
 33210 | D:10     | You fall through a shaft!
 35269 | D:13     | Noticed Maurice
 35277 | D:13     | Killed Maurice
 35387 | D:13     | Reached skill level 21 in Fighting
 35415 | D:13     | Reached skill level 5 in Charms
 35502 | D:13     | Reached skill level 5 in Spellcasting
 35826 | D:13     | Reached skill level 5 in Necromancy
 36003 | D:14     | Found a gate to the Vaults.
 36340 | D:14     | Reached XP level 22. HP: 175/194 MP: 31/31
 36496 | D:14     | Found a blossoming altar of Fedhas.
 36927 | D:15     | Entered Level 15 of the Dungeon
 36935 | D:15     | Found a staircase to the Depths.
 36979 | D:15     | Received a gift from Okawaru
 37167 | Vaults:1 | Entered Level 1 of the Vaults
 37548 | Vaults:1 | Received a gift from Okawaru
 37563 | Vaults:1 | Got a bone quarterstaff {god gift}
 37564 | Vaults:1 | Identified the +7 quarterstaff "Usuos" {pain, rElec rF- rC++ Str+2} (Okawaru gifted it to you on level 1 of the Vaults)
 37762 | Vaults:1 | Noticed Nikola
 37776 | Vaults:1 | Killed Nikola
 38167 | Vaults:1 | Found Kuameose's Weapon Shop.
 38337 | Vaults:1 | Received a gift from Okawaru
 38354 | Vaults:1 | Identified the cursed +1 chain mail of the Comet {rF++ rCorr MP+9 Dex-3} (You found it on level 1 of the Vaults)
 38998 | Vaults:1 | Received a gift from Okawaru
 39012 | Vaults:1 | Reached XP level 23. HP: 168/202 MP: 32/32
 39452 | Vaults:1 | Gained mutation: You possess an exceptional clarity of mind. [potion of mutation]
 39452 | Vaults:1 | Gained mutation: Your muscles are strong. (Str +2) [potion of mutation]
 39452 | Vaults:1 | Lost mutation: Your muscles are strong. (Str +2) [potion of mutation]
 39452 | Vaults:1 | Gained mutation: You expend magic power (3 MP) to strengthen your wands. [potion of mutation]
 39472 | Vaults:2 | Reached skill level 22 in Fighting
 39670 | Vaults:2 | Found Ogiuc's Book Emporium.
 40040 | Vaults:2 | Received a gift from Okawaru
 40279 | Vaults:2 | Upgraded the game from 0.22-a0-439-gac93bac to 0.22-a0-441-gcf5b0c6
 40846 | Vaults:2 | Found a staircase to the Crypt.
 41181 | Vaults:3 | Found Guguxzof's Food Shoppe.
 41197 | Vaults:3 | Found Imiuvofecs's Food Shoppe.
 41261 | Vaults:3 | Found Piemot's Book Shoppe.
 41405 | Vaults:3 | Reached XP level 24. HP: 130/212 MP: 34/34
 41416 | Vaults:3 | You fall through a shaft!
 41765 | Vaults:3 | Received a gift from Okawaru
 42507 | Vaults:3 | Received a gift from Okawaru
 42609 | Vaults:3 | Reached skill level 23 in Fighting
 42756 | Vaults:4 | Reached skill level 5 in Axes
 43086 | Vaults:4 | Reached skill level 15 in Stealth
 43220 | Vaults:4 | Received a gift from Okawaru
 43917 | Vaults:5 | Entered Level 5 of the Vaults
 43975 | Vaults:5 | Received a gift from Okawaru
 43980 | Vaults:5 | Noticed an ancient lich
 44386 | Vaults:5 | Killed an ancient lich
 44386 | Vaults:5 | Reached skill level 5 in Dodging
 44445 | Vaults:5 | Reached XP level 25. HP: 179/221 MP: 27/35
 44474 | Vaults:5 | Received a gift from Okawaru
 44759 | Vaults:4 | Received a gift from Okawaru
 44788 | Vaults:4 | Got a jewelled quarterstaff {god gift}
 44789 | Vaults:4 | Identified the +4 quarterstaff of a wizard's laboratory {crush, Str+4} (Okawaru gifted it to you on level 4 of the Vaults)
 45518 | Vaults:5 | Received a gift from Okawaru
 45526 | Vaults:5 | Identified the +0 shield "Voqiku" {rElec rPois MR+++ Str-2} (Okawaru gifted it to you on level 5 of the Vaults)
 45572 | Vaults:5 | Reached skill level 24 in Fighting
 46459 | Vaults:5 | Found the +0 Maxwell's etheric cage {RegenMP+ *Contam rElec MP+4}
 46716 | Vaults:5 | Noticed an ancient lich
 46735 | Vaults:5 | Killed an ancient lich
 47185 | Vaults:5 | Got a silver rune of Zot
 47259 | Vaults:5 | Identified the +8 arbalest of Ragnarok {venom, rElec Dex+4} (You took it off a yaktaur on level 5 of the Vaults)
 47630 | Vaults:5 | Lost mutation: You expend magic power (3 MP) to strengthen your wands. [potion of mutation]
 47630 | Vaults:5 | Lost mutation: You possess an exceptional clarity of mind. [potion of mutation]
 47630 | Vaults:5 | Gained mutation: You are partially covered in molten scales. (AC +2) [potion of mutation]
 47630 | Vaults:5 | Gained mutation: Your magical capacity is low. (-10% MP) [potion of mutation]
 47630 | Vaults:5 | Gained mutation: You are agile. (Dex +2) [potion of mutation]
 47630 | Vaults:5 | Gained mutation: Your spells are a little harder to cast, but a little more powerful. [potion of mutation]
 47631 | Vaults:5 | Lost mutation: Your magical capacity is low. (-10% MP) [potion of mutation]
 47631 | Vaults:5 | Lost mutation: Your spells are a little harder to cast, but a little more powerful. [potion of mutation]
 47631 | Vaults:5 | Lost mutation: You are agile. (Dex +2) [potion of mutation]
 47631 | Vaults:5 | Lost mutation: You are partially covered in molten scales. (AC +2) [potion of mutation]
 47631 | Vaults:5 | Gained mutation: Your muscles are strong. (Str +2) [potion of mutation]
 47631 | Vaults:5 | Gained mutation: You are frail. (-10% HP) [potion of mutation]
 47631 | Vaults:5 | Gained mutation: You have a somewhat thin skeletal structure. (Dex +2, Stealth) [potion of mutation]
 47632 | Vaults:5 | Lost mutation: Your muscles are strong. (Str +2) [potion of mutation]
 47632 | Vaults:5 | Lost mutation: You are frail. (-10% HP) [potion of mutation]
 47632 | Vaults:5 | Lost mutation: You have a somewhat thin skeletal structure. (Dex +2, Stealth) [potion of mutation]
 47632 | Vaults:5 | Gained mutation: You are clumsy. (Dex -2) [potion of mutation]
 47632 | Vaults:5 | Gained mutation: Potions are less effective at restoring your health. [potion of mutation]
 47632 | Vaults:5 | Gained mutation: Scrolls take you a little longer to read. [potion of mutation]
 47632 | Vaults:5 | Gained mutation: You have sharp fingernails. [potion of mutation]
 47633 | Vaults:5 | Lost mutation: You have sharp fingernails. [potion of mutation]
 47633 | Vaults:5 | Lost mutation: Scrolls take you a little longer to read. [potion of mutation]
 47633 | Vaults:5 | Lost mutation: You are clumsy. (Dex -2) [potion of mutation]
 47633 | Vaults:5 | Lost mutation: Potions are less effective at restoring your health. [potion of mutation]
 47633 | Vaults:5 | Gained mutation: You are partially covered in icy blue scales. (AC +2) [potion of mutation]
 47633 | Vaults:5 | Gained mutation: You possess an exceptional clarity of mind. [potion of mutation]
 48256 | D:14     | Identified the amulet "Senixir" {+Rage Str+2 Dex+2} (You found it on level 14 of the Dungeon)
 48571 | Lair:3   | Reached XP level 26. HP: 203/232 MP: 36/36
 48917 | Elf:2    | You paid a toll of 18 potions of curing to enter a treasure trove
 48918 | Trove    | Entered a treasure trove
 48922 | Trove    | Found the +14 obsidian axe {chop, +Fly SInv *Curse}
 49299 | D:6      | Bought 2 scrolls of enchant armour for 375 gold pieces
 49299 | D:6      | Bought a scroll of acquirement for 1300 gold pieces
 49299 | D:6      | Bought a scroll of identify for 50 gold pieces
 49300 | D:6      | Found the +2 pair of boots of the Assassin {Detection Stab+ Stlth++}
 49753 | Depths:1 | Entered Level 1 of the Depths
 49781 | Depths:1 | Found Omugun's Magic Scroll Shoppe.
 49793 | Depths:1 | Found Noasm's Antique Weapon Emporium.
 49793 | Depths:1 | Found Rusch's Armour Shoppe.
 49823 | Depths:1 | Received a gift from Okawaru
 49860 | Depths:1 | Identified the +6 quarterstaff "Soklaer" {freeze, *Contam MR+ Dex+5 SInv} (Okawaru gifted it to you on level 1 of the Depths)
 49868 | Depths:1 | Bought a scroll of fog for 38 gold pieces
 49868 | Depths:1 | Bought a scroll of identify for 38 gold pieces
 49868 | Depths:1 | Bought a scroll of identify for 38 gold pieces
 49868 | Depths:1 | Bought a scroll of enchant weapon for 142 gold pieces
 49868 | Depths:1 | Bought a scroll of enchant armour for 142 gold pieces
 49868 | Depths:1 | Found Ejellipt's Gadget Emporium.
 49929 | Depths:1 | Noticed Margery
 49954 | Depths:1 | Killed Margery
 49961 | Depths:1 | Reached skill level 15 in Invocations
 50026 | Depths:1 | Found a gateway to Hell.
 50050 | Depths:1 | Reached skill level 10 in Spellcasting
 51076 | Depths:2 | Received a gift from Okawaru
 51577 | Depths:2 | Reached skill level 10 in Necromancy
 51577 | Depths:2 | Reached XP level 27. HP: 240/240 MP: 32/37
 52250 | Depths:2 | Identified the cursed ring of the Princeling {+Fly Str-4} (You found it on level 2 of the Depths)
 52661 | Depths:3 | Received a gift from Okawaru
 52664 | Depths:3 | Identified the +5 battleaxe of Dez Rimpio {flame, Int+3 SInv} (Okawaru gifted it to you on level 3 of the Depths)
 52722 | Depths:3 | Reached skill level 25 in Fighting
 52734 | Depths:3 | Noticed a juggernaut
 52745 | Depths:3 | Killed a juggernaut
 53233 | Depths:3 | Identified the Papyrus of Attacks
 53236 | Depths:3 | Identified the Handbook of the Voyage and Execration
 53268 | Depths:3 | Identified the +8 quarterstaff "Kimpeer" {freeze, +Rage rF- MP+9 Stlth+} (You found it on level 3 of the Depths)
 53314 | Depths:3 | Received a gift from Okawaru
 53434 | Depths:3 | Found a gateway to a ziggurat.
 53588 | Depths:3 | Found a glowing silver altar of Zin.
 53651 | Depths:3 | Found a one-way gate leading to the halls of Pandemonium.
 53739 | Depths:3 | Noticed Sojobo
 53752 | Depths:3 | Killed Sojobo
 54155 | Depths:3 | Noticed Frederick
 54170 | Depths:3 | Killed Frederick
 55033 | Depths:4 | Noticed Boris
 55051 | Depths:4 | Killed Boris
 55085 | Depths:4 | Found a one-way gate to the infinite horrors of the Abyss.
 55281 | Depths:4 | Identified the Compendium of Hexes and Ignition
 55693 | Depths:4 | Received a gift from Okawaru
 55741 | Depths:4 | Noticed a juggernaut
 55757 | Depths:4 | Killed a juggernaut
 56260 | Depths:5 | Entered Level 5 of the Depths
 56284 | Depths:4 | Mangled by an ettin

Vault maps used:
D:1:      lightli_arrival_boilingwater, hangedman_decor_push,
          minmay_misc_feat_hallway, serial_bayou_lake_a
D:2:      first_ration, st_stairs_13, grunt_ministairs_14, elyvilon_altar_4
D:3:      gammafunk_temple_overflow_arena
D:4:      uniq_natasha
D:5:      gammafunk_wand_slinger, yredelemnul_altar_generic, uniq_edmund
D:6:      minmay_temple_entry_fiery, serial_shops, shop
D:7:      grunt_qazlal_clouds
D:8:      minitemple, serial_column_ruins, column_ruins_square_small,
          column_ruins_square_huge, column_ruins_grid_3,
          column_ruins_columns_dead_end, column_ruins_columns_straight,
          column_ruins_open_small, column_ruins_open_medium,
          column_ruins_open_small, enter_bailey_3,
          hangedman_little_slice_of_home
D:9:      minmay_lair_entry_lava, nicolae_zen_rock_garden
D:13:     minivault_25, uniq_maurice
D:14:     cheibrodos_quadrivalence, david_vaults_3, fedhas_altar_1,
          kennysheep_island_fort
D:15:     gammafunk_depths_entry_grave, minmay_misc_feat_more_columns
Temple:   nicolae_temple_great_sept
Lair:3:   grunt_megastairs_4, lemuel_fruit_fields, minmay_lair_oklob_chamber,
          lemuel_fruit_fields
Lair:4:   elwin_shoals_entry_rocks, dummy_snake_entry, lab_entry_generic
Lair:5:   slime_altar_1, zaba_anthell, serial_bayou_shore_b, grunt_megastairs_2
Lair:6:   minmay_lair_end_enchanted_forest, infiniplex_staircase_pool,
          serial_bayou_shore_b, uniq_rupert
Shoals:1: kb_tengu_band
Shoals:3: abandoned_shop, hangedman_shoal_volcano, uniq_kirke
Shoals:4: shoals_end_simple, shoals_ilsuiw_ice
Snake:1:  basic_altar, serial_shops, shop, serial_bayou_shore_b,
          lemuel_fruit_tree, uniq_frances, uniq_josephine
Snake:2:  serial_bayou_shore_b
Snake:3:  serial_shops, shop, grunt_megastairs_3, serial_bayou_shore_a,
          uniq_azrael, uniq_louise, uniq_vashnia
Snake:4:  johnstein_snake_rune_scales, uniq_mara, uniq_roxanne
Orc:1:    serial_shops, nicolae_shop_behind_doors
Orc:2:    grunt_orc_cross, basic_altar, bloody_trog, uniq_nessos
Elf:1:    serial_shops, nicolae_shop_behind_doors, minmay_elf_crystal_hexagon,
          uniq_asterion
Elf:2:    enter_trove_0
Elf:3:    elf_hall_gauntlet_wide, uniq_donald, uniq_jorgrun
Vaults:1: nicolae_vaults_shelves_hall, nicolae_vaults_arrows, v_misc_16,
          v_alt_pattern_4, st_greater_box_1, vaults_room_grunt_arrival_ludios,
          nicolae_vaults_big_angled_halls, nicolae_vaults_theta,
          hangedman_vaults_nails, nicolae_vaults_yaktaur_gun_rack,
          nicolae_vaults_theta, vaults_mumra_minichess,
          nicolae_vaults_angled_halls, nicolae_vaults_theta, vaults_room_fours,
          ontoclasm_vaults_pinch, serial_shops, shop_coins, uniq_nikola
Vaults:2: nicolae_vaults_theta, v_rooms_6, nicolae_vaults_display_case,
          ontoclasm_vaults_chip, vaults_standard_mumra_enter_the_diamond,
          vaults_standard_mumra_x, v_misc_28, vaults_room_octagon, v_misc_5,
          minmay_crypt_entry_simple_walls, nicolae_vaults_rhombus_5,
          serial_shops, shop_fountains
Vaults:3: vaults_mumra_minichess_inversion, st_lattice, dpeg_vaults_monster_row,
          v_misc_1, nicolae_vaults_shelves_hall, nicolae_vaults_specimen_jars,
          vaults_room_pool, serial_shops, shop, shop,
          nicolae_shop_temple_entry_statues_fountains
Vaults:4: v_misc_25, vaults_room_pool, vaults_room_door_hall,
          vaults_room_corners, v_misc_24, grunt_vaults_diagonal,
          vaults_dpeg_cross, v_alt_pattern_2, vaults_room_fancy_cross, v_misc_12
Depths:1: grunt_metal_band, minivault_14, lightli_corner_chamber,
          minmay_shoptagon
Depths:2: lemuel_river_lethe, serial_shops, hell_entry
Depths:3: grunt_arcs, enter_ziggurat_a, rand_demon_pan_entry_4,
          pf_hell_entry_tar_river, lemuel_crystal_altar, serial_bayou_pond_c,
          uniq_sojobo, uniq_frederick
Depths:4: minmay_dotted_concentric_squares, abyss_entry,
          serial_sigils_hangedman_stare, pf_coc_iceberg, serial_glass,
          glass_columns_b, glass_columns_c,
          hangedman_abyss_or_decor_lesser_grid, hangedman_abyss_or_decor_passed,
          wad_scary_box, uniq_boris
Depths:5: grunt_zot_entry_gee_three, rand_demon_pan_entry_1,
          hangedman_abyss_entry_splay, hell_entry, minmay_misc_feat_roman
Lab:      labyrinth_hidden_loot, nicolae_lab_arrow, labyrinth_fake_exit,
          nicolae_lab_plus, nicolae_lab_t_cross, nicolae_lab_lava,
          nicolae_lab_big_swirl, lab_statue, nicolae_lab_x,
          nicolae_lab_flowing_pool, nicolae_lab_grate, nicolae_lab_statue
Trove:    trove_weapon_1
Bailey:   bailey_axe_3, bailey

Skill      XL: |  1  2  3  4  5  6  7  8  9 10 11 12 13 14 15 16 17 18 19 20 21 22 23 24 25 26 27 |
---------------+----------------------------------------------------------------------------------+-----
Shields        | 4 5 6 7 9 10 11 12 14 15 | 15.0
Staves         | 3 4 6 7 8 10 12 13 14 | 14.0
Armour         | 4 5 6 7 8 10 11 12 13 14 16 17 18 19 20 21 | 21.4
Dodging        | 1 2 3 4 5 6 |  6.6
Fighting       | 4 5 6 7 8 9 11 13 15 16 18 19 20 21 22 23 24 25 | 25.9
Stealth        | 1 2 3 4 6 9 10 11 12 13 14 15 16 17 | 17.8
Evocations     | 1 2 |  2.7
Invocations    | 1 2 3 6 7 9 10 11 12 13 14 15 16 | 16.2
Throwing       | 1 |  1.6
Maces & Flails | 1 |  1.7
Axes           | 1 2 3 4 5 |  5.3
Spellcasting   | 3 5 6 7 8 9 10 11 | 11.5
Charms         | 3 5 6 7 8 |  8.3
Necromancy     | 3 5 6 7 8 10 12 | 12.1
Crossbows      | |  0.7
Unarmed Combat | |  0.9

Action                   |  1- 3 |  4- 6 |  7- 9 | 10-12 | 13-15 | 16-18 | 19-21 | 22-24 | 25-27 || total
-------------------------+-------+-------+-------+-------+-------+-------+-------+-------+-------++-------
Melee: Quarterstaff      |   104 |   153 |   375 |   435 |       |    87 |     6 |       |       ||  1160
       Lajatang          |       |       |       |   174 |  1084 |  1131 |  1490 |  1508 |  1643 ||  7030
       Great mace        |       |       |       |       |     3 |       |       |       |       ||     3
       Battleaxe         |       |       |       |       |    23 |       |    83 |    16 |       ||   122
Throw: Tomahawk          |       |       |       |       |     1 |       |       |       |       ||     1
 Cast: Regeneration      |       |       |       |       |       |       |       |     4 |     9 ||    13
Invok: Heroism           |       |       |     1 |     9 |    13 |    13 |    10 |     5 |    15 ||    66
       Finesse           |       |       |       |       |     1 |     4 |     1 |     3 |     9 ||    18
 Abil: Dig               |       |       |     1 |     3 |     6 |     6 |     6 |       |    14 ||    36
       Evoke Flight      |       |       |       |       |       |       |       |     1 |     2 ||     3
       Shaft Self        |       |       |       |       |       |       |       |     1 |       ||     1
Evoke: Wand              |       |       |    13 |       |       |     2 |     1 |       |       ||    16
  Use: Scroll            |       |     7 |     7 |     5 |     3 |    20 |    11 |     9 |    20 ||    82
       Potion            |       |       |       |       |       |     5 |     3 |     1 |     5 ||    14
 Stab: Distracted        |       |       |       |       |       |       |       |       |     1 ||     1
  Eat: Chunk             |       |     8 |    11 |    18 |    13 |    10 |    25 |    13 |     9 ||   107
       Ration            |       |       |       |       |     3 |     5 |     4 |     7 |    10 ||    29
Armor: Scale mail        |    43 |    47 |    33 |       |       |       |       |       |       ||   123
       Chain mail        |       |       |    61 |   137 |   123 |       |       |       |       ||   321
       Crystal plate arm |       |       |       |       |    81 |   238 |   543 |   392 |   347 ||  1601
Dodge: Dodged            |    34 |    38 |    99 |   114 |   140 |   136 |   273 |   199 |   228 ||  1261
       Deflected         |       |       |       |       |       |    35 |    32 |     5 |       ||    72
Block: Shield            |    59 |    73 |   193 |   273 |   156 |       |       |       |       ||   754
       Large shield      |       |       |       |     3 |   468 |   835 |  1239 |  1052 |  1112 ||  4709

Table legend:
 A = Spawn XP
 B = Non-spawn XP
 C = Spawn XP percentage of total XP
 D = Spawn monster count
 E = Non-spawn monster count
 F = Spawn count percentage of total count
 G = Total turns spent on level
                    A         B        C        D         E        F      G
               +---------+---------+-------+---------+---------+-------+---------
         Total |       0 | 1174194 |   0.0 |       0 |    2198 |   0.0 | 56284
               +---------+---------+-------+---------+---------+-------+---------
           D:1 |       0 |      51 |   0.0 |       0 |      31 |   0.0 |  1026
           D:2 |       0 |      95 |   0.0 |       0 |      26 |   0.0 |  1153
           D:3 |       0 |     235 |   0.0 |       0 |      28 |   0.0 |   822
           D:4 |       0 |     378 |   0.0 |       0 |      19 |   0.0 |   952
           D:5 |       0 |     684 |   0.0 |       0 |      22 |   0.0 |   654
           D:6 |       0 |     749 |   0.0 |       0 |      14 |   0.0 |  1523
           D:7 |       0 |    1479 |   0.0 |       0 |      37 |   0.0 |   754
           D:8 |       0 |    3130 |   0.0 |       0 |      30 |   0.0 |   919
           D:9 |       0 |    4230 |   0.0 |       0 |      40 |   0.0 |  1410
          D:10 |       0 |    3819 |   0.0 |       0 |      24 |   0.0 |   982
          D:11 |       0 |    5174 |   0.0 |       0 |      20 |   0.0 |   590
          D:12 |       0 |    7065 |   0.0 |       0 |      43 |   0.0 |  1159
          D:13 |       0 |    7822 |   0.0 |       0 |      46 |   0.0 |   821
          D:14 |       0 |   15145 |   0.0 |       0 |      59 |   0.0 |  1053
          D:15 |       0 |   22000 |   0.0 |       0 |      57 |   0.0 |   820
        Lair:1 |       0 |    3628 |   0.0 |       0 |      17 |   0.0 |   833
        Lair:2 |       0 |    4403 |   0.0 |       0 |      22 |   0.0 |  1128
        Lair:3 |       0 |    7066 |   0.0 |       0 |      19 |   0.0 |  1274
        Lair:4 |       0 |   11915 |   0.0 |       0 |      40 |   0.0 |  1152
        Lair:5 |       0 |   10432 |   0.0 |       0 |      53 |   0.0 |  1078
        Lair:6 |       0 |   25702 |   0.0 |       0 |      97 |   0.0 |  1555
      Shoals:1 |       0 |   11273 |   0.0 |       0 |      21 |   0.0 |  1139
      Shoals:2 |       0 |   11974 |   0.0 |       0 |      29 |   0.0 |  1144
      Shoals:3 |       0 |   26103 |   0.0 |       0 |      52 |   0.0 |  1012
      Shoals:4 |       0 |   46734 |   0.0 |       0 |      81 |   0.0 |  1444
       Snake:1 |       0 |   21689 |   0.0 |       0 |      43 |   0.0 |   861
       Snake:2 |       0 |   13850 |   0.0 |       0 |      26 |   0.0 |  1379
       Snake:3 |       0 |   28057 |   0.0 |       0 |      44 |   0.0 |  1024
       Snake:4 |       0 |   73178 |   0.0 |       0 |     110 |   0.0 |  1765
         Orc:1 |       0 |    7237 |   0.0 |       0 |      46 |   0.0 |   644
         Orc:2 |       0 |   11383 |   0.0 |       0 |      57 |   0.0 |   903
         Elf:1 |       0 |   24344 |   0.0 |       0 |      34 |   0.0 |   904
         Elf:2 |       0 |   35932 |   0.0 |       0 |      48 |   0.0 |  1296
         Elf:3 |       0 |   73379 |   0.0 |       0 |      66 |   0.0 |  2334
      Vaults:1 |       0 |   87641 |   0.0 |       0 |     110 |   0.0 |  2377
      Vaults:2 |       0 |   67079 |   0.0 |       0 |     109 |   0.0 |  1485
      Vaults:3 |       0 |   49079 |   0.0 |       0 |      58 |   0.0 |  1502
      Vaults:4 |       0 |   60012 |   0.0 |       0 |      70 |   0.0 |  2559
      Vaults:5 |       0 |  139372 |   0.0 |       0 |     129 |   0.0 |  2758
      Depths:1 |       0 |   30806 |   0.0 |       0 |      52 |   0.0 |   900
      Depths:2 |       0 |   53116 |   0.0 |       0 |     107 |   0.0 |  1939
      Depths:3 |       0 |   80277 |   0.0 |       0 |      69 |   0.0 |  1922
      Depths:4 |       0 |   75012 |   0.0 |       0 |      60 |   0.0 |  1748
      Depths:5 |       0 |    3383 |   0.0 |       0 |       2 |   0.0 |    22
           Lab |       0 |    7170 |   0.0 |       0 |      20 |   0.0 |   885
        Bailey |       0 |     912 |   0.0 |       0 |      11 |   0.0 |   501
               +---------+---------+-------+---------+---------+-------+---------
